← All builds
Tech / Armada / Economy first / OBSERVED BUILD

Standard tech

Armada Tech (Eco) build order · Supreme Isthmus

Rushes T2 factory and Advanced Metal Extractor while supplying T2 and T1 constructors to teammates like Geo, then transitions into Citadel/Platypus/Umbrella defence as the game develops.

Usually first T2 con to Geo (85%)

#eco #t2 #team support · 772 distinct matches · 109 players · 59% of Armada Tech games · team won 53% of 893 · Recently observed

HOW TO PLAY IT

Key timing: T2 lab by 4:15

  1. Take 3 mex, then wind and a Bot Lab to open eco fast.
  2. Push T2 lab out, aim to pass T2 to air player.
  3. Get first T2 constructor building, prioritize mex upgrades over eco.
  4. Finish Advanced Metal Extractor, keep upgrading team's mex.
  5. Add fus and anti-nuke, keep feeding T2 cons and Umbrella/Citadel to team.

Phase by phase

TYPICAL OF ITS 772 GAMES
  1. 1
  2. 2
  3. 3
  4. 4
PLAY THE OPENING

Follow the example game's first 6:00 step by step: what to build now, what comes next, and where it goes. At 1× it keeps pace with your own game.

  1. 1

    Up to the Bot Lab

    Economy
    • Metal Extractor3Mex
    • Wind Turbine4Wind
    Order
    1. Bot LabBot Lab after 3 mex, 4 winddone ~1:17, middle half 1:13–1:32

    Some games also: energy storage (30%)

    By 1:01 in all: 3 mex · 4 wind

    The example game in this phase · 4 steps
    1. Mex ×3
    2. Wind ×6
    3. Energy storage
    4. Bot LabBot Labdone 1:46 · typical 1:17
  2. 2

    Bot Lab to Advanced Bot Lab

    Economy
    • Metal Extractor1Mex
    • Wind Turbine8Wind
    • Energy Storage1Energy storage
    Order
    1. Advanced Bot LabAdvanced Bot Lab after 4 mex, 12 wind, 3 con turretdone ~4:15, middle half 4:04–4:27
    Builders
    • Construction Turret3 Con turret
    • Lazarus3 Lazarus
    • Construction Bot2 Con bot
    • Construction Bot1 Con bot for allies

    Some games also: converter (36%)

    By 3:19 in all: 4 mex · 12 wind · 1 energy storage · 3 con turret

    The example game in this phase · 14 steps
    1. Construction BotCon bot
    2. LazarusLazarus
    3. Con turret
    4. LazarusLazarus
    5. Mex
    6. Wind
    7. LazarusLazarus
    8. Wind ×2
    9. LazarusLazarus
    10. Construction BotCon botfor Air
    11. Construction BotCon bot
    12. TickTick ×2
    13. Con turret ×2
    14. Advanced Bot LabAdvanced Bot Labdone 4:17 · typical 4:15
  3. 3

    Advanced Bot Lab to 5:00

    Economy
    • Wind Turbine2Wind
    Builders
    • Advanced Construction Bot1 T2 con bot for allies

    Some games also: converter (36%)

    By 5:00 in all: 4 mex · 15 wind · 2 converter · 1 energy storage · 3 con turret

    The example game in this phase · 8 steps
    1. Converter ×3
    2. Wind ×2
    3. Advanced Construction BotT2 con botfor Air
    4. Wind ×2
    5. SharpshooterSniper botnot finished by 15:00
    6. Wind
    7. Advanced Metal ExtractorT2 mexdone 5:04 · typical 5:29
    8. SharpshooterSniper botfor Pond
  4. 4

    5:00 to 10:00

    Economy
    • Wind Turbine44Wind
    • Energy Converter6Converter
    Builders
    • Butler8 Butler
    • Advanced Construction Bot4 T2 con bot for allies
    • Advanced Construction Bot1 T2 con bot

    Some games also: con turret (47%) · Butler for allies (38%)

    By 10:00 in all: 4 mex · 59 wind · 8 converter · 1 energy storage · 3 con turret

    The example game in this phase · 144 steps
    1. Wind ×7
    2. Advanced Construction BotT2 con bot
    3. Wind
    4. Advanced Metal ExtractorT2 mex
    5. Wind
    6. Advanced Metal ExtractorT2 mex
    7. Advanced Construction BotT2 con bot ×3for Geo sea
    8. Aircraft PlantAircraft Plantdone 7:19
    9. Wind ×6
    10. Construction AircraftCon aircraftfor Air
    11. Wind
    12. Advanced Metal ExtractorT2 mex
    13. Wind
    14. Con turret
    15. StorkLight transport ×2
    16. Wind ×2
    17. Con turret
    18. Aircraft PlantAircraft Plantdone 8:16
    19. Wind ×2
    20. ValiantValiant
    21. Wind ×2
    22. ValiantValiant
    23. Con turret
    24. ShurikenShuriken ×2
    25. Wind
    26. ShurikenShuriken ×3
    27. ValiantValiant ×3
    28. Wind
    29. ValiantValiant
    30. Wind
    31. Construction AircraftCon aircraft
    32. ValiantValiant
    33. Wind
    34. Construction AircraftCon aircraft
    35. Wind
    36. ValiantValiant
    37. Wind
    38. ValiantValiant
    39. Wind ×2
    40. ValiantValiant
    41. Wind
    42. ValiantValiant
    43. Wind
    44. ValiantValiant
    45. WhirlwindWhirlwind
    46. Wind ×4
    47. WhirlwindWhirlwind
    48. Wind
    49. WhirlwindWhirlwind
    50. Wind ×3
    51. Advanced Construction BotT2 con botfor Suicide front
    52. Wind
    53. WhirlwindWhirlwind
    54. Advanced Construction BotT2 con botfor Front
    55. Wind ×2
    56. WhirlwindWhirlwind
    57. Wind
    58. WhirlwindWhirlwind
    59. Wind ×2
    60. WhirlwindWhirlwind
    61. Wind ×3
    62. WhirlwindWhirlwind
    63. Wind ×2
    64. WhirlwindWhirlwind
    65. Wind ×2
    66. WhirlwindWhirlwind
    67. Wind
    68. StorkLight transport
    69. Wind ×2
    70. StorkLight transport
    71. WhirlwindWhirlwind
    72. Wind ×2
    73. FalconFighter
    74. WhirlwindWhirlwind
    75. FalconFighter
    76. Con turret
    77. Wind
    78. Con turret
    79. Wind
    80. WhirlwindWhirlwind
    81. Con turret
    82. Wind
    83. Con turret
    84. FalconFighter
    85. WhirlwindWhirlwind
    86. Con turret ×2
    87. FalconFighter
    88. WhirlwindWhirlwind
    89. FalconFighter
    90. Wind
    91. WhirlwindWhirlwind
    92. FalconFighter
    93. Wind ×2
    94. FalconFighter
    95. WhirlwindWhirlwind
    96. FalconFighter
    97. Wind
    98. WhirlwindWhirlwind
    99. FalconFighter
    100. Wind
    101. FinchFinch
    102. FalconFighter
    103. Wind
    104. FinchFinch
    105. FalconFighter
    106. FinchFinch
    107. Wind
    108. FalconFighter
    109. WhirlwindWhirlwind
    110. FalconFighter
    111. Wind
    112. FalconFighter
    113. WhirlwindWhirlwind
    114. Wind ×2
    115. FalconFighter
    116. Wind
    117. FalconFighter
    118. Wind
    119. FalconFighter
    120. Wind
    121. FalconFighter ×2
    122. Wind
    123. FalconFighter
    124. Wind
    125. FalconFighter
    126. Wind ×2
    127. FalconFighter ×2
    128. Wind
    129. FalconFighter ×3
    130. Advanced Construction BotT2 con bot
    131. Wind
    132. FalconFighter
    133. Advanced Construction BotT2 con bot
    134. FalconFighter
    135. Wind ×2
    136. FalconFighter
    137. ArbalestArbalest
    138. FalconFighter
    139. ChainsawChainsaw
    140. FalconFighter ×5
    141. BeamerBeamer
    142. FalconFighter ×7
    143. Fusion ReactorFusionnot finished by 15:00
    144. FalconFighter

Counts are medians over the build's games: half of them build more, half fewer. The example game is TrollHardGoPro's (38 OS, 22/09/2026); pick another.

Team trades

IN AT LEAST 30% OF ITS GAMES

You hand over

  • Construction Bot1 Con bot to Airfirst at 2:22 · in 88% of games
  • Advanced Construction Bot5 T2 con bot to Air or Pond or Geo seafirst at 4:47 · in 99% of games
  • Sharpshooter2 Sniper bot to Pondfirst at 5:21 · in 33% of games
  • Butler2 Butler to Geo sea or Beach sea or Pondfirst at 9:03 · in 42% of games

You get

  • Hercules1 Light transport from Airfirst at 4:00 · in 85% of games

How it plays out

Typical game of this build, running totals by minute

Metal produced

020k40k
0:005:0010:0015:00

metal

Enemy metal destroyed

0200400
0:005:0010:0015:00

metal

Own metal lost

0100200300
0:005:0010:0015:00

metal

893 games.

Show as table
ByMetal produced: This buildEnemy metal destroyed: This buildOwn metal lost: This build
1:0038300
2:0091500
3:00164200
4:00315100
5:00486600
6:00580800
7:00723000
8:00907000
9:001124900
10:001357900
11:001640900
12:001997300
13:002378500
14:002755490104
15:0031617323204
WHAT THE NUMBERS SAY

This is the role's baseline and wins slightly more than half its games with a huge metal lead but almost no kills, showing its value is economic not combat.

  • + Produces 31389 metal by 15:00, far above other roles.
  • + Reaches T2 lab and constructor by 4:15-4:33 almost every game.
  • − Barely destroys any enemy metal (400 by 15:00), no combat presence.
  • − Fusion Reactor and anti-nuke only land in 44% of games.
THE EXAMPLE YOU ARE READING

TrollHardGoPro

37.8 OS · 22/09/2026

Open source match ↗

78 received units · includes a constructor
2431 metal received · 47179 energy received

Allied construction assistance is unknown. Timings are observations, not a promise of solo reproducibility.

Typical milestones

Bot Lab1:17Middle 50%: 1:13–1:32 · n=893
Advanced Bot Lab4:15Middle 50%: 4:04–4:27 · n=887
Advanced Metal Extractor5:29Middle 50%: 5:06–5:59 · n=891

Played most by

Amrissa100games of this buildSyphos40games of this buildKOT_38games of this buildAdeus34games of this buildTeaner34games of this build